Lightning vs Senators

Created - December-06-12 at 18:38

Goals
1 2 3 T
Lightning 1 2 1 4
Senators 1 0 1 2
Shots
1 2 3 T
Lightning 6 13 2 21
Senators 4 8 8 20

1st period

1. Lightning , Teddy Purcell 6 (Paul Stastny) at 3:08
2. Senators , Daniel Sedin 12 (Claude Giroux, Sidney Crosby) at 15:36

Penalties :
Anton Stralman (OTT) for Hooking (Minor) at 4:26, Jay Pandolfo (OTT) for Hooking (Minor) at 13:18, Dion Phaneuf (OTT) for Roughing (Minor) at 16:18

2nd period

3. Lightning , Scott Hartnell 9 (Andrej Meszaros) at 1:10
4. Lightning , Andrej Meszaros 1 (Paul Stastny) at 12:41 (PP)

Penalties :
Eric Nystrom (TBL) for Tripping (Minor) at 1:43, Tim Gleason (TBL) for Tripping (Minor) at 7:30, Matt Read (OTT) for High sticking (Minor) at 11:48, John Mitchell (OTT) for Cross-checking (Minor) at 12:13, Marek Zidlicky (TBL) for Roughing (Minor) at 15:03

3rd period

5. Senators , Anton Stralman 3 (Matt Read, Daniel Sedin) at 0:42 (PP)
6. Lightning , Martin Havlat 6 (Andrej Meszaros, Scott Hartnell) at 6:34

Penalties :
Marek Zidlicky (TBL) for Roughing (Minor) at 0:34, Scott Hartnell (TBL) for Hooking (Minor) at 0:59, Eric Nystrom (TBL) for Interference (Minor) at 10:42, Brent Seabrook (TBL) for Holding (Minor) at 13:06, Brent Seabrook (TBL) for Hooking (Minor) at 18:12

Goalie Stats

Cory Schneider (TBL), 18 saves from 20 shots - (0.900), W, 10-1-0, 60:00 minutes
Craig Anderson (OTT), 17 saves from 21 shots - (0.810), L, 10-5-2, 60:00 minutes

Players Stats for Lightning

Player Name              G  A  P  +/- PIM S  H  SB GA TA FO     MP     PP MP  PK MP  
------------------------------------------------------------------------------------
Andrej Meszaros          1  2  3   3  0   2  2  1  0  0  0/0    19:40   3:19   5:49 
Andrew Brunette          0  0  0  -1  0   0  0  0  0  0  0/0     4:38   0:00   0:00 
Brent Seabrook           0  0  0   0  4   1  5  1  0  0  0/0    24:17   5:02   5:18 
Eric Nystrom             0  0  0   1  4   0  3  0  0  0  0/1    11:07   0:00   0:00 
Jaroslav Spacek          0  0  0  -1  0   1  0  0  0  0  0/0    15:13   0:00   1:54 
Josh Gorges              0  0  0   2  0   1  2  1  0  0  0/0    22:32   3:19   7:48 
Marek Zidlicky           0  0  0   1  4   0  0  2  0  0  0/0    19:34   5:02   0:41 
Martin Havlat            1  0  1   2  0   1  0  0  0  0  0/2    13:57   2:39   0:00 
Martin St. Louis         0  0  0   0  0   3  0  0  0  0  0/1    16:27   5:42   0:00 
Mike Knuble              0  0  0  -1  0   0  1  1  0  0  0/0     4:38   0:00   0:00 
Nick Spaling             0  0  0  -1  0   1  0  0  0  0  1/4    11:12   0:00   6:34 
Patrick Kane             0  0  0   0  0   1  0  0  0  0  13/26  23:42   5:42   7:15 
Patrick Sharp            0  0  0   0  0   1  3  0  0  0  1/2    23:42   5:42   7:15 
Paul Stastny             0  2  2   1  0   2  0  0  0  0  4/13   14:02   2:39   0:14 
Scott Hartnell           1  1  2   2  2   2  4  0  0  0  0/1    13:56   2:39   0:00 
Teddy Purcell            1  0  1   1  0   2  0  0  0  0  0/1    11:09   0:00   0:00 
Tim Gleason              0  0  0  -1  2   0  3  1  0  0  0/0    18:39   0:00   6:08 
Tomas Plekanec           0  0  0   2  0   3  1  0  0  0  9/20   17:38   0:00   6:20 

Players Stats for Senators

Player Name              G  A  P  +/- PIM S  H  SB GA TA FO     MP     PP MP  PK MP  
------------------------------------------------------------------------------------
Adrian Aucoin            0  0  0   0  0   1  1  0  0  0  0/0    24:18   6:30   4:03 
Anton Stralman           1  0  1   0  2   1  3  0  0  0  0/0    18:21   6:30   0:00 
Claude Giroux            0  1  1  -1  0   2  1  0  0  0  1/2    23:30   6:10   1:10 
Colin White              0  0  0   0  0   1  4  0  0  0  0/0    16:21   0:00   3:39 
Daniel Sedin             1  1  2   0  0   5  1  0  0  0  0/1    18:58   7:39   0:00 
Dion Phaneuf             0  0  0   0  2   1  2  0  0  0  0/0    21:27   7:19   0:24 
Jared Cowen              0  0  0  -2  0   1  2  1  0  0  0/0    16:31   0:00   4:18 
Jason Spezza             0  0  0  -1  0   1  1  0  0  0  15/24  17:36   7:39   0:00 
Jay Pandolfo             0  0  0   0  2   1  0  0  0  0  0/0    10:52   0:00   0:00 
Jim OBrien               0  0  0   0  0   0  1  0  0  0  3/3    20:39   6:10   3:36 
John Mitchell            0  0  0  -1  2   0  2  0  0  0  0/0     8:47   0:00   3:06 
John Tavares             0  0  0   0  0   2  0  0  0  0  8/15   17:03   6:10   0:00 
Joni Pitkanen            0  0  0  -2  0   0  0  0  0  0  0/0    23:00   7:19   4:18 
Kaspars Daugavins        0  0  0  -1  0   1  1  0  0  0  0/0    13:57   0:00   4:00 
Matt Read                0  1  1  -1  2   3  2  0  0  0  0/1    18:25   7:39   0:00 
Peter Regin              0  0  0  -1  0   0  0  0  0  0  8/13   10:02   0:00   4:21 
Sidney Crosby            0  1  1   0  0   0  0  0  0  0  8/12   11:19   0:00   0:00 
Steve Staios             0  0  0   0  0   0  0  0  0  0  0/0     0:00   0:00   0:00 

3 Stars

1 - Andrej Meszaros (TBL)
2 - Scott Hartnell (TBL)
3 - Daniel Sedin (OTT)

Power Play

Lightning - 1 on 5 Attempt(s) - 20.00%
Senators - 1 on 8 Attempt(s) - 12.50%

Penalty Kill

Lightning - 7 on 8 Attempt(s) - 87.50% - Score 0 goal in Penalty Kill
Senators - 4 on 5 Attempt(s) - 80.00% - Score 0 goal in Penalty Kill

Official

Referees : Dave Jackson and Dan O'Rourke
Linesman : Bryan Pancich and Dan Schachte

Game Notes

No Game Note

Finance

Level 1 -- Attendance: 6004 (92.37%) -- Ticket Income $600,400
Level 2 -- Attendance: 5000 (100.00%) -- Ticket Income $300,000
Level 3 -- Attendance: 3431 (98.03%) -- Ticket Income $120,085
Level 4 -- Attendance: 2806 (88.99%) -- Ticket Income $84,180
Luxury Box -- Attendance: 974 (97.40%) -- Ticket Income $243,500
Game was played at the Scotiabank Place
Total Attendance: 18215 (95.10%)
Total Ticket Income: $1,348,165
Other Income: $202,225
Total Income: $1,550,390


% Time on Ice - Lightning

Lines # - Real PCT - Wanted PCT - Time Play
Normal Forward
1 - 28% - 35% - 10:45
2 - 30% - 30% - 11:18
3 - 29% - 25% - 11:09
4 - 12% - 10% - 4:38
Normal Defense
1 - 35% - 40% - 13:11
2 - 28% - 30% - 10:32
3 - 33% - 20% - 12:32
4 - 4% - 10% - 1:35
PP Forward
1 - 68% - 60% - 5:42
2 - 32% - 40% - 2:39
PP Defense
1 - 60% - 60% - 5:02
2 - 40% - 40% - 3:19
PK Forward
1 - 52% - 50% - 7:15
2 - 48% - 50% - 6:34
PK Defense
1 - 58% - 60% - 8:00
2 - 42% - 40% - 5:49
PK3 Forward
1 - 0% - 50%
2 - 0% - 50%
PK3 Defense
1 - 0% - 60%
2 - 0% - 40%
44 Forward
1 - 0% - 60%
2 - 0% - 40%
44 Defense
1 - 0% - 60%
2 - 0% - 40%
Last Minute Offensive  - 0:00
Last Minute Defensive  - 0:00
Total
Forward - 60:00
Defense - 60:00

% Time on Ice - Senators

Lines # - Real PCT - Wanted PCT - Time Play
Normal Forward
1 - 30% - 40% - 11:19
2 - 26% - 30% - 9:57
3 - 29% - 20% - 10:53
4 - 15% - 10% - 5:41
Normal Defense
1 - 36% - 40% - 13:45
2 - 32% - 30% - 12:13
3 - 24% - 20% - 9:04
4 - 7% - 10% - 2:48
PP Forward
1 - 55% - 60% - 7:39
2 - 45% - 40% - 6:10
PP Defense
1 - 47% - 60% - 6:30
2 - 53% - 40% - 7:19
PK Forward
1 - 49% - 50% - 3:53
2 - 51% - 50% - 4:00
PK Defense
1 - 48% - 50% - 3:47
2 - 52% - 50% - 4:06
PK3 Forward
1 - 100% - 60% - 0:28
2 - 0% - 40% - 0:00
PK3 Defense
1 - 57% - 60% - 0:16
2 - 43% - 40% - 0:12
44 Forward
1 - 0% - 60%
2 - 0% - 40%
44 Defense
1 - 0% - 60%
2 - 0% - 40%
Last Minute Offensive  - 0:00
Last Minute Defensive  - 0:00
Total
Forward - 60:00
Defense - 60:00

Play by Play

1st period


0:01 of 1st period - Patrick Kane wins face-off versus Daniel Sedin in neutral zone.
0:27 of 1st period - Shot by Daniel Sedin.
0:27 of 1st period - Stopped by Cory Schneider without a rebound.
0:28 of 1st period - Tomas Plekanec wins face-off versus Jason Spezza in Lightning zone.
0:28 of 1st period - Tomas Plekanec is hit by Jason Spezza.
0:33 of 1st period - Martin Havlat is hit by Jared Cowen and loses puck.
1:27 of 1st period - Off-side.
1:28 of 1st period - Peter Regin wins face-off versus Paul Stastny in neutral zone.
1:30 of 1st period - Claude Giroux is hit by Tim Gleason and loses puck.
1:58 of 1st period - Icing by Dion Phaneuf.
1:59 of 1st period - Patrick Kane wins face-off versus Peter Regin in Senators zone.
2:17 of 1st period - Claude Giroux is hit by Brent Seabrook and loses puck.
2:52 of 1st period - Icing by Anton Stralman.
2:53 of 1st period - Nick Spaling wins face-off versus John Tavares in Senators zone.
3:06 of 1st period - Shot by Nick Spaling.
3:06 of 1st period - Stopped by Craig Anderson without a rebound.
3:07 of 1st period - Paul Stastny wins face-off versus Sidney Crosby in Senators zone.
3:08 of 1st period - Shot by Teddy Purcell.
3:08 of 1st period - Goal by Teddy Purcell - Lightning : 1 - Senators : 0.
3:09 of 1st period - Paul Stastny wins face-off versus Sidney Crosby in neutral zone.
4:14 of 1st period - Marek Zidlicky is hit by Colin White and loses puck.
4:22 of 1st period - Tomas Plekanec is hit by Colin White and loses puck.
4:26 of 1st period - Minor Penalty to Anton Stralman for Hooking.
4:27 of 1st period - Peter Regin wins face-off versus Patrick Kane in Senators zone.
5:21 of 1st period - Shot by Josh Gorges.
5:21 of 1st period - Stopped by Craig Anderson without a rebound.
5:22 of 1st period - Peter Regin wins face-off versus Paul Stastny in Senators zone.
5:51 of 1st period - Shot by Paul Stastny.
5:51 of 1st period - Stopped by Craig Anderson without a rebound.
5:52 of 1st period - Jim OBrien wins face-off versus Patrick Kane in Senators zone.
6:28 of 1st period - Icing by Patrick Sharp.
6:29 of 1st period - Sidney Crosby wins face-off versus Nick Spaling in Lightning zone.
6:32 of 1st period - Shot by Daniel Sedin.
6:32 of 1st period - Shot Misses the Net.
7:02 of 1st period - Shot by Claude Giroux.
7:02 of 1st period - Shot Misses the Net.
7:36 of 1st period - Martin St. Louis is hit by Colin White and loses puck.
8:00 of 1st period - Andrej Meszaros is hit by Anton Stralman and loses puck.
8:24 of 1st period - Tomas Plekanec is hit by Colin White and loses puck.
8:47 of 1st period - Shot by Scott Hartnell.
8:47 of 1st period - Stopped by Craig Anderson without a rebound.
8:48 of 1st period - Jason Spezza wins face-off versus Paul Stastny in Senators zone.
8:48 of 1st period - Jason Spezza is hit by Eric Nystrom.
10:00 of 1st period - Icing by Claude Giroux.
10:01 of 1st period - Sidney Crosby wins face-off versus Patrick Kane in Senators zone.
11:08 of 1st period - Shot by Jason Spezza.
11:08 of 1st period - Stopped by Cory Schneider without a rebound.
11:09 of 1st period - Tomas Plekanec wins face-off versus Jason Spezza in Lightning zone.
11:52 of 1st period - Jared Cowen is hit by Scott Hartnell.
12:04 of 1st period - Shot by John Tavares.
12:04 of 1st period - Deflect By Jay Pandolfo.
12:04 of 1st period - Shot Blocked by Marek Zidlicky.
12:06 of 1st period - Shot by Jim OBrien.
12:06 of 1st period - Shot Blocked by Marek Zidlicky.
12:08 of 1st period - Shot by Colin White.
12:08 of 1st period - Stopped by Cory Schneider without a rebound.
12:09 of 1st period - John Tavares wins face-off versus Patrick Kane in Lightning zone.
12:13 of 1st period - John Tavares is hit by Josh Gorges and loses puck.
12:21 of 1st period - John Tavares is hit by Andrej Meszaros and loses puck.
12:31 of 1st period - Patrick Sharp is hit by Anton Stralman and loses puck.
12:37 of 1st period - Martin St. Louis is hit by Anton Stralman and loses puck.
13:01 of 1st period - Icing by Jim OBrien.
13:02 of 1st period - Paul Stastny wins face-off versus John Tavares in Senators zone.
13:18 of 1st period - Minor Penalty to Jay Pandolfo for Hooking.
13:19 of 1st period - Peter Regin wins face-off versus Paul Stastny in Senators zone.
13:19 of 1st period - Peter Regin is hit by Scott Hartnell.
14:14 of 1st period - Icing by Martin St. Louis.
14:15 of 1st period - Patrick Kane wins face-off versus Peter Regin in Lightning zone.
14:37 of 1st period - Jim OBrien is hit by Patrick Sharp and loses puck.
15:21 of 1st period - Icing by Nick Spaling.
15:22 of 1st period - Claude Giroux wins face-off versus Nick Spaling in Lightning zone.
15:36 of 1st period - Shot by Daniel Sedin.
15:36 of 1st period - Goal by Daniel Sedin - Lightning : 1 - Senators : 1.
15:37 of 1st period - Jason Spezza wins face-off versus Tomas Plekanec in neutral zone.
16:05 of 1st period - Off-side.
16:06 of 1st period - Sidney Crosby wins face-off versus Paul Stastny in neutral zone.
16:18 of 1st period - Minor Penalty to Dion Phaneuf for Roughing.
16:19 of 1st period - Peter Regin wins face-off versus Patrick Sharp in Senators zone.
17:25 of 1st period - Jared Cowen is hit by Scott Hartnell.
17:43 of 1st period - Shot by Paul Stastny.
17:43 of 1st period - Stopped by Craig Anderson without a rebound.
17:44 of 1st period - Jim OBrien wins face-off versus Patrick Kane in Senators zone.
19:01 of 1st period - Adrian Aucoin is hit by Mike Knuble and loses puck.

2nd period


0:01 of 2nd period - Sidney Crosby wins face-off versus Patrick Kane in neutral zone.
0:11 of 2nd period - Dion Phaneuf is hit by Patrick Sharp and loses puck.
0:31 of 2nd period - Patrick Kane is hit by Dion Phaneuf and loses puck.
1:10 of 2nd period - Shot by Scott Hartnell.
1:10 of 2nd period - Goal by Scott Hartnell - Lightning : 2 - Senators : 1.
1:11 of 2nd period - Tomas Plekanec wins face-off versus John Tavares in neutral zone.
1:13 of 2nd period - Off-side.
1:14 of 2nd period - Jason Spezza wins face-off versus Martin Havlat in neutral zone.
1:23 of 2nd period - Shot by Tomas Plekanec.
1:23 of 2nd period - Stopped by Craig Anderson without a rebound.
1:24 of 2nd period - John Tavares wins face-off versus Teddy Purcell in Senators zone.
1:24 of 2nd period - John Tavares is hit by Eric Nystrom.
1:36 of 2nd period - Andrej Meszaros is hit by Jim OBrien and loses puck.
1:43 of 2nd period - Minor Penalty to Eric Nystrom for Tripping.
1:44 of 2nd period - Jason Spezza wins face-off versus Tomas Plekanec in Lightning zone.
2:03 of 2nd period - Shot by Daniel Sedin.
2:03 of 2nd period - Shot Misses the Net.
2:05 of 2nd period - Shot by Daniel Sedin.
2:05 of 2nd period - Shot Misses the Net.
3:03 of 2nd period - Shot by John Tavares.
3:03 of 2nd period - Stopped by Cory Schneider without a rebound.
3:04 of 2nd period - Jason Spezza wins face-off versus Tomas Plekanec in Lightning zone.
3:47 of 2nd period - Shot by Teddy Purcell.
3:47 of 2nd period - Stopped by Craig Anderson with a rebound.
3:49 of 2nd period - Shot by Brent Seabrook.
3:49 of 2nd period - Shot Misses the Net.
4:59 of 2nd period - Shot by Jay Pandolfo.
4:59 of 2nd period - Stopped by Cory Schneider without a rebound.
5:00 of 2nd period - Jason Spezza wins face-off versus Tomas Plekanec in Lightning zone.
5:09 of 2nd period - Shot by Tomas Plekanec.
5:09 of 2nd period - Shot Misses the Net.
5:11 of 2nd period - Shot by Scott Hartnell.
5:11 of 2nd period - Shot Hit the Post.
5:13 of 2nd period - Shot by Tomas Plekanec.
5:13 of 2nd period - Stopped by Craig Anderson without a rebound.
5:14 of 2nd period - John Tavares wins face-off versus Nick Spaling in Senators zone.
7:21 of 2nd period - Jason Spezza is hit by Tim Gleason and loses puck.
7:30 of 2nd period - Minor Penalty to Tim Gleason for Tripping.
7:31 of 2nd period - Jason Spezza wins face-off versus Tomas Plekanec in Lightning zone.
7:32 of 2nd period - Shot by Daniel Sedin.
7:32 of 2nd period - Stopped by Cory Schneider without a rebound.
7:33 of 2nd period - Tomas Plekanec wins face-off versus Jason Spezza in Lightning zone.
7:48 of 2nd period - Shot by Daniel Sedin.
7:48 of 2nd period - Shot Misses the Net.
7:50 of 2nd period - Shot by Jason Spezza.
7:50 of 2nd period - Shot Misses the Net.
7:57 of 2nd period - Jason Spezza is hit by Brent Seabrook and loses puck.
8:16 of 2nd period - Shot by John Tavares.
8:16 of 2nd period - Stopped by Cory Schneider without a rebound.
8:17 of 2nd period - Patrick Kane wins face-off versus John Tavares in Lightning zone.
10:19 of 2nd period - Icing by Tim Gleason.
10:20 of 2nd period - Sidney Crosby wins face-off versus Paul Stastny in Lightning zone.
10:22 of 2nd period - Claude Giroux is hit by Tim Gleason and loses puck.
10:45 of 2nd period - Shot by Sidney Crosby.
10:45 of 2nd period - Shot Misses the Net.
11:48 of 2nd period - Minor Penalty to Matt Read for High sticking.
11:49 of 2nd period - Patrick Kane wins face-off versus Peter Regin in Senators zone.
11:50 of 2nd period - Shot by Martin St. Louis.
11:50 of 2nd period - Stopped by Craig Anderson without a rebound.
11:51 of 2nd period - Peter Regin wins face-off versus Patrick Kane in Senators zone.
11:51 of 2nd period - Peter Regin is hit by Patrick Sharp.
12:13 of 2nd period - Minor Penalty to John Mitchell for Cross-checking.
12:14 of 2nd period - Patrick Kane wins face-off versus Peter Regin in Senators zone.
12:21 of 2nd period - Shot by Brent Seabrook.
12:21 of 2nd period - Stopped by Craig Anderson without a rebound.
12:22 of 2nd period - Peter Regin wins face-off versus Patrick Kane in Senators zone.
12:37 of 2nd period - Shot by Patrick Sharp.
12:37 of 2nd period - Stopped by Craig Anderson without a rebound.
12:38 of 2nd period - Paul Stastny wins face-off versus Peter Regin in Senators zone.
12:39 of 2nd period - Shot by Andrej Meszaros.
12:39 of 2nd period - Stopped by Craig Anderson with a rebound.
12:41 of 2nd period - Shot by Andrej Meszaros.
12:41 of 2nd period - Goal by Andrej Meszaros - Lightning : 3 - Senators : 1.
12:42 of 2nd period - Jim OBrien wins face-off versus Patrick Kane in neutral zone.
14:00 of 2nd period - Shot by Kaspars Daugavins.
14:00 of 2nd period - Shot Misses the Net.
14:02 of 2nd period - Shot by Joni Pitkanen.
14:02 of 2nd period - Deflect By Kaspars Daugavins.
14:02 of 2nd period - Shot Blocked by Andrej Meszaros.
14:04 of 2nd period - Shot by Jared Cowen.
14:04 of 2nd period - Stopped by Cory Schneider without a rebound.
14:05 of 2nd period - Peter Regin wins face-off versus Paul Stastny in Lightning zone.
14:08 of 2nd period - Shot by Claude Giroux.
14:08 of 2nd period - Deflect By Peter Regin.
14:08 of 2nd period - Shot Blocked by Josh Gorges.
14:18 of 2nd period - Shot by Claude Giroux.
14:18 of 2nd period - Shot Blocked by Mike Knuble.
14:31 of 2nd period - Shot by Jaroslav Spacek.
14:31 of 2nd period - Stopped by Craig Anderson without a rebound.
14:32 of 2nd period - Jason Spezza wins face-off versus Tomas Plekanec in Senators zone.
14:38 of 2nd period - Off-side.
14:39 of 2nd period - Jason Spezza wins face-off versus Martin Havlat in neutral zone.
14:41 of 2nd period - Joni Pitkanen is hit by Josh Gorges and loses puck.
14:50 of 2nd period - Shot by Jason Spezza.
14:50 of 2nd period - Shot Misses the Net.
14:52 of 2nd period - Shot by Kaspars Daugavins.
14:52 of 2nd period - Stopped by Cory Schneider without a rebound.
14:53 of 2nd period - Sidney Crosby wins face-off versus Martin St. Louis in Lightning zone.
14:54 of 2nd period - Shot by Claude Giroux.
14:54 of 2nd period - Stopped by Cory Schneider without a rebound.
14:55 of 2nd period - Patrick Kane wins face-off versus Sidney Crosby in Lightning zone.
15:01 of 2nd period - Icing by Brent Seabrook.
15:02 of 2nd period - Sidney Crosby wins face-off versus Patrick Kane in Lightning zone.
15:02 of 2nd period - Daniel Sedin is hit by Brent Seabrook and loses puck.
15:03 of 2nd period - Minor Penalty to Marek Zidlicky for Roughing.
15:04 of 2nd period - Patrick Kane wins face-off versus Jason Spezza in Lightning zone.
15:04 of 2nd period - Patrick Kane is hit by Matt Read.
15:24 of 2nd period - Shot by Daniel Sedin.
15:24 of 2nd period - Stopped by Cory Schneider without a rebound.
15:25 of 2nd period - Tomas Plekanec wins face-off versus John Tavares in Lightning zone.
15:25 of 2nd period - Tomas Plekanec is hit by Dion Phaneuf.
16:00 of 2nd period - Icing by Dion Phaneuf.
16:01 of 2nd period - Patrick Kane wins face-off versus Claude Giroux in Senators zone.
17:55 of 2nd period - Icing by Brent Seabrook.
17:56 of 2nd period - Jason Spezza wins face-off versus Eric Nystrom in Lightning zone.
18:18 of 2nd period - Martin St. Louis is hit by Adrian Aucoin and loses puck.
18:25 of 2nd period - Shot by Martin St. Louis.
18:25 of 2nd period - Shot Misses the Net.
18:29 of 2nd period - Shot by Martin St. Louis.
18:29 of 2nd period - Stopped by Craig Anderson with a rebound.
18:37 of 2nd period - Shot by Patrick Sharp.
18:37 of 2nd period - Shot Misses the Net.
18:39 of 2nd period - Shot by Martin St. Louis.
18:39 of 2nd period - Stopped by Craig Anderson without a rebound.
18:40 of 2nd period - John Tavares wins face-off versus Tomas Plekanec in Senators zone.
18:47 of 2nd period - Shot by Tomas Plekanec.
18:47 of 2nd period - Stopped by Craig Anderson without a rebound.
18:48 of 2nd period - John Tavares wins face-off versus Tomas Plekanec in Senators zone.
18:48 of 2nd period - John Tavares is hit by Scott Hartnell.
19:04 of 2nd period - Shot by John Tavares.
19:04 of 2nd period - Shot Misses the Net.

3rd period


0:01 of 3rd period - Sidney Crosby wins face-off versus Patrick Kane in neutral zone.
0:26 of 3rd period - Patrick Sharp is hit by Daniel Sedin and loses puck.
0:32 of 3rd period - Claude Giroux is hit by Brent Seabrook.
0:34 of 3rd period - Shot by Daniel Sedin.
0:34 of 3rd period - Stopped by Cory Schneider without a rebound.
0:34 of 3rd period - Minor Penalty to Marek Zidlicky for Roughing.
0:35 of 3rd period - Jason Spezza wins face-off versus Tomas Plekanec in Lightning zone.
0:40 of 3rd period - Shot by Daniel Sedin.
0:40 of 3rd period - Deflect By Matt Read.
0:40 of 3rd period - Stopped by Cory Schneider with a rebound.
0:42 of 3rd period - Shot by Anton Stralman.
0:42 of 3rd period - Goal by Anton Stralman - Lightning : 3 - Senators : 2.
0:43 of 3rd period - Tomas Plekanec wins face-off versus Jason Spezza in neutral zone.
0:59 of 3rd period - Minor Penalty to Scott Hartnell for Hooking.
1:00 of 3rd period - John Tavares wins face-off versus Patrick Kane in Lightning zone.
1:09 of 3rd period - Shot by Claude Giroux.
1:09 of 3rd period - Stopped by Cory Schneider with a rebound.
1:11 of 3rd period - Shot by Adrian Aucoin.
1:11 of 3rd period - Stopped by Cory Schneider with a rebound.
1:39 of 3rd period - John Tavares is hit by Andrej Meszaros.
3:28 of 3rd period - Shot by Scott Hartnell.
3:28 of 3rd period - Shot Misses the Net.
4:29 of 3rd period - Shot by Teddy Purcell.
4:29 of 3rd period - Shot Misses the Net.
6:07 of 3rd period - Scott Hartnell is hit by Jared Cowen and loses puck.
6:34 of 3rd period - Shot by Martin Havlat.
6:34 of 3rd period - Goal by Martin Havlat - Lightning : 4 - Senators : 2.
6:35 of 3rd period - John Tavares wins face-off versus Paul Stastny in neutral zone.
7:34 of 3rd period - Shot by Patrick Kane.
7:34 of 3rd period - Shot Blocked by Jared Cowen.
7:43 of 3rd period - Off-side.
7:44 of 3rd period - Tomas Plekanec wins face-off versus Sidney Crosby in neutral zone.
10:07 of 3rd period - Shot by Sidney Crosby.
10:07 of 3rd period - Shot Blocked by Brent Seabrook.
10:42 of 3rd period - Minor Penalty to Eric Nystrom for Interference.
10:43 of 3rd period - Jason Spezza wins face-off versus Tomas Plekanec in Lightning zone.
10:44 of 3rd period - Shot by Dion Phaneuf.
10:44 of 3rd period - Shot Misses the Net.
10:46 of 3rd period - Shot by Matt Read.
10:46 of 3rd period - Shot Misses the Net.
10:48 of 3rd period - Shot by Dion Phaneuf.
10:48 of 3rd period - Stopped by Cory Schneider without a rebound.
10:49 of 3rd period - Tomas Plekanec wins face-off versus Matt Read in Lightning zone.
12:37 of 3rd period - Icing by Claude Giroux.
12:38 of 3rd period - John Tavares wins face-off versus Tomas Plekanec in Senators zone.
12:38 of 3rd period - John Tavares is hit by Tomas Plekanec.
12:53 of 3rd period - Icing by Jared Cowen.
12:54 of 3rd period - Jason Spezza wins face-off versus Paul Stastny in Senators zone.
13:06 of 3rd period - Minor Penalty to Brent Seabrook for Holding.
13:07 of 3rd period - Tomas Plekanec wins face-off versus Jason Spezza in Lightning zone.
13:07 of 3rd period - Tomas Plekanec is hit by Matt Read.
13:29 of 3rd period - Shot by Matt Read.
13:29 of 3rd period - Stopped by Cory Schneider without a rebound.
13:30 of 3rd period - Patrick Sharp wins face-off versus John Tavares in Lightning zone.
13:30 of 3rd period - Patrick Sharp is hit by Claude Giroux.
13:54 of 3rd period - Shot by Patrick Kane.
13:54 of 3rd period - Stopped by Craig Anderson without a rebound.
13:55 of 3rd period - Patrick Kane wins face-off versus Jason Spezza in Senators zone.
14:24 of 3rd period - Shot by Daniel Sedin.
14:24 of 3rd period - Shot Blocked by Tim Gleason.
14:44 of 3rd period - Icing by Matt Read.
14:45 of 3rd period - Patrick Kane wins face-off versus Jason Spezza in Senators zone.
16:00 of 3rd period - Jim OBrien is hit by Eric Nystrom and loses puck.
16:54 of 3rd period - Tim Gleason is hit by John Mitchell and loses puck.
17:18 of 3rd period - Shot by Patrick Kane.
17:18 of 3rd period - Shot Misses the Net.
17:26 of 3rd period - Patrick Kane is hit by John Mitchell and loses puck.
17:30 of 3rd period - Icing by Josh Gorges.
17:31 of 3rd period - Patrick Kane wins face-off versus Jason Spezza in Lightning zone.
17:31 of 3rd period - Patrick Kane is hit by Kaspars Daugavins.
17:49 of 3rd period - Icing by Josh Gorges.
17:50 of 3rd period - Jason Spezza wins face-off versus Patrick Kane in Lightning zone.
17:51 of 3rd period - Shot by Matt Read.
17:51 of 3rd period - Stopped by Cory Schneider without a rebound.
17:52 of 3rd period - Jason Spezza wins face-off versus Scott Hartnell in Lightning zone.
18:06 of 3rd period - Jason Spezza is hit by Brent Seabrook and loses puck.
18:11 of 3rd period - Shot by Jason Spezza.
18:11 of 3rd period - Shot Misses the Net.
18:12 of 3rd period - Minor Penalty to Brent Seabrook for Hooking.
18:13 of 3rd period - Patrick Kane wins face-off versus John Tavares in Lightning zone.


Output by the SimonT Hockey Simulator (STHS) for Stephane Roy -- Original Page W3C XHTML 1.0 Valid
Hockey Simulator - Hockey Simulation - Hockey Manager